[Event "European Women Blitz-ch 2024"]
[Site "Monaco"]
[Date "2025.01.10"]
[Round "11.15"]
[White "Papp, Petra"]
[Black "Agrest, Inna"]
[Result "1-0"]
[Annotator "TA"]
[ECO "D02"]
[WhiteElo "2235"]
[BlackElo "2159"]
[PlyCount "127"]
[EventDate "2025.01.06"]
[EventType "swiss"]
[EventCountry "MNC"]
[SourceTitle "playchess.com"]
[Source "ChessBase"]
[SourceQuality "1"]
[TimeControl "180+2"]

1. d4 d5 2. Nf3 e6 3. Bf4 Bd6 4. e3 Nf6 5. Ne5 O-O 6. Nd2 c5 7. c3 b6 8. Bd3 Qc7 9. Qe2 a5 10. a4 Nbd7 11. Ndf3 (11. Nxd7 {simplifies} Nxd7 12. Bxd6 Qxd6 13. O-O) 11... Ne4 12. O-O f6 13. Nxd7 Bxd7 14. Bxd6 Qxd6 (14... Nxd6 $5 15. Rfc1 Rfe8 $11) 15. Bxe4 dxe4 16. Nd2 f5 17. Nc4 Qc7 18. Rfd1 cxd4 19. Rxd4 Bxa4 20. Rxa4 $14 b5 21. Ra2 (21. Rxa5 $5 bxc4 22. Rxa8 Rxa8 23. g3 $11 (23. Rxc4 $2 Ra1+ $19)) 21... e5 {[%emt 0:00:22] [#]} 22. Nxe5 $1 Qxe5 23. Qd2 h6 24. Ra1 Qe6 25. Rd6 Qc4 26. Rd7 Rf7 27. Rd4 Qc7 28. Rd5 Rb8 29. g3 Kh7 30. h4 Rb7 31. h5 (31. b3 $16) 31... Rf6 32. Rd8 Qf7 33. Qd4 (33. Rxa5 $16 Qxh5 34. Raa8) 33... Qxh5 (33... a4 $11) 34. Qd5 $16 Qf7 35. Rxa5 {[%emt 0:00:02] White is much more active.} Rc7 (35... b4 $14) 36. Raa8 $2 ({Better is} 36. Rxb5 $18 {Black must now prevent Kg2.} Ra7 37. Kg2) 36... Qxd5 $11 37. Rxd5 {[%emt 0:00:01][%mdl 4096] Endgame KRR-KRR} b4 38. cxb4 Rc2 39. Raa5 Rxb2 40. Rxf5 Rxf5 41. Rxf5 Rxb4 {[%emt 0:00:01] KR-KR} 42. Kg2 Kg6 43. Rf4 Kg5 44. g4 Kg6 45. Kg3 Kg5 46. Rf5+ Kg6 47. Kf4 Ra4 48. Re5 Ra2 49. Kg3 Ra4 $1 50. Re6+ Kg5 51. Rb6 Rc4 52. Rb7 Kg6 53. Rb2 Kg5 54. Rd2 Rc6 55. Rd4 Re6 $1 56. Rd5+ Kg6 57. Kf4 Rf6+ 58. Rf5 Ra6 (58... Rxf5+ $11 {keeps the balance.} 59. gxf5+ Kh5) 59. Kxe4 $16 Ra4+ 60. Kf3 Ra2 61. Rb5 Rc2 62. Rb6+ Kg5 $2 {[%emt 0:00:01][%mdl 8192] [#]} (62... Kf7 $16) 63. Kg3 $1 h5 64. f4# 1-0

[Event "European Women Blitz-ch 2024"]
[Site "Monaco"]
[Date "2025.01.10"]
[Round "11.16"]
[White "Hrebenshchykova, Yelyzaveta"]
[Black "Socko, Monika"]
[Result "1-0"]
[Annotator "TA"]
[ECO "E63"]
[WhiteElo "2280"]
[BlackElo "2371"]
[PlyCount "89"]
[EventDate "2025.01.06"]
[EventType "swiss"]
[EventCountry "MNC"]
[SourceTitle "playchess.com"]
[Source "ChessBase"]
[SourceQuality "1"]
[TimeControl "180+2"]

1. Nf3 Nf6 2. g3 g6 3. Bg2 Bg7 4. O-O O-O 5. d4 d6 6. c4 Nc6 7. Nc3 a6 8. Bf4 Bd7 9. Rc1 Nh5 10. Be3 Rb8 11. Qd2 Nf6 12. Bh6 Re8 13. Rfd1 Bh8 14. Bg5 Qc8 15. e4 Bg4 16. Re1 Nd7 17. d5 Bxf3 18. Bxf3 (18. dxc6 $5 Ne5 $8 19. cxb7 Rxb7 20. b3 $11) 18... Nd4 19. Be2 Ne5 {[%emt 0:00:02] A dynamic duo of knights.} 20. Kg2 {[%emt 0:00:00] Wards off Nef3} (20. Qxd4 $2 Nf3+ 21. Bxf3 Bxd4 $19) 20... Nxe2 21. Qxe2 c5 22. f4 Nd7 23. a4 b6 ({Black should try} 23... Bxc3 $11 24. bxc3 (24. Rxc3 Kg7 $16) 24... Kg7) 24. f5 Ne5 25. Rf1 Bg7 26. b3 Rf8 $2 (26... Nd7 $14) 27. Qd2 $2 ({White has to play} 27. Bxe7 $18 Rd8 28. Bxd8 Qxd8 29. Nd1) 27... f6 28. Bf4 (28. Be3 $16) 28... gxf5 $11 29. Bxe5 fxe5 30. Qg5 {[%emt 0:00:01] [#]} (30. exf5 $11 Rxf5 31. Qd3) 30... f4 $1 $15 31. gxf4 exf4 32. Ne2 {[%emt 0:00:00] [#]} (32. Rxf4 $17 Kh8 33. Ne2) 32... e5 (32... f3+ $1 $19 {is more deadly.} 33. Rxf3 Rxf3 34. Kxf3 Qf8+ (34... Qh3+ 35. Qg3 $17) 35. Nf4 b5) 33. dxe6 $17 Qxe6 34. Qd5 Rbe8 (34... Qxd5 $17 35. exd5 Be5) 35. Nxf4 $11 Qxd5 36. exd5 Rf5 (36... Bh6 $5 37. Ne6 $8 Bxc1 38. Nxf8 Re2+ 39. Kh3 Re3+ 40. Kh4 Re4+ (40... Rxb3 41. Ne6 $14) 41. Kh3 (41. Kh5 Re5+ 42. Kg4 Re4+ 43. Kg3 Re3+ 44. Kg4 Re4+ 45. Kh3 Bg5 $11) 41... Bg5 $11) 37. Ne6 Re5 (37... Rf6 $14) 38. Rce1 ({White should play} 38. Kh1 $16) 38... b5 39. axb5 {[%emt 0:00:01] White is more active.} (39. Rxe5 $16 {Intending Rg5 and mate.} Bxe5 40. cxb5 (40. axb5 axb5 41. cxb5 Rb8 $14) 40... axb5 41. axb5) 39... axb5 40. Rxe5 Bxe5 $16 {[%emt 0:00:01] KRB-KRN} 41. h3 bxc4 42. bxc4 Rb8 43. Kf3 Rb3+ 44. Kg4 Rc3 $2 (44... h6 $11) 45. Rf8# 1-0

[Event "European Women Blitz-ch 2024"]
[Site "Monaco"]
[Date "2025.01.10"]
[Round "11.17"]
[White "De Seroux, Camille"]
[Black "Hunt, Harriet V"]
[Result "1-0"]
[Annotator "TA"]
[ECO "B23"]
[WhiteElo "2068"]
[BlackElo "2298"]
[PlyCount "53"]
[EventDate "2025.01.06"]
[EventType "swiss"]
[EventCountry "MNC"]
[SourceTitle "playchess.com"]
[Source "ChessBase"]
[SourceQuality "1"]
[TimeControl "180+2"]

1. e4 c5 2. Nc3 Nc6 3. f4 g6 4. Nf3 Bg7 5. a3 d6 6. Bc4 e6 7. d3 Nge7 8. Ba2 Rb8 9. O-O O-O 10. Qe1 Nd4 11. Nxd4 cxd4 12. Ne2 Bd7 13. f5 exf5 14. Qh4 $1 Nc6 (14... Be6 $11 {remains equal.}) 15. Bg5 $16 {[%emt 0:00:07] White is more active.} Qe8 16. Nf4 {[%emt 0:00:18] Black must now prevent Rae1.} Be6 {[%emt 0:00:26] [#]} (16... fxe4 $11 17. Nd5 e3) 17. Nd5 $2 ({Better is} 17. exf5 $1 $16 Bxa2 18. f6 (18. Rxa2 $2 f6 $19)) 17... Bxd5 $11 18. Bxd5 fxe4 19. dxe4 Ne5 ({Black should play} 19... Rc8 $11) 20. Rf4 (20. Be7 $14) 20... Rc8 21. Bb3 {[%emt 0:00:03] [#] This pair of bishops is nice.} (21. Rf2 $11) 21... Qb5 $1 $17 {[%emt 0:00:08] and ...d3 would now be decisive} 22. Raf1 d3 23. Be7 $2 (23. R4f2) 23... Qc5+ $2 (23... dxc2 $19 24. Bxc2 Rxc2 25. Bxf8 Bxf8) 24. Kh1 $2 (24. R4f2 $17 {nothing else works.}) 24... dxc2 $1 $19 25. Rc1 (25. Bxf8 $142 Rxf8 (25... c1=R 26. Bxg7 Rxf1+ 27. Rxf1 $11) 26. Bxc2 Qxc2 27. Qe7) 25... Nd3 $2 (25... Qe3 $19 26. Rff1 Qxb3 27. Bxf8 Bxf8 (27... Rxf8 $2 28. Rf2 $19)) 26. Rxc2 $2 ({White must play} 26. Bxf8 $15 Rxf8 (26... Nxc1 27. Rxf7) 27. Rxc2) 26... Qe3 $4 (26... Qxc2 $19 {and all is fine.} 27. Bxc2 Rxc2) 27. Rxc8 $4 (27. Bxf8 {leads to mate.} Qc1+ (27... Qxf4 $2 {loses.} 28. Qxf4 Nxf4 29. Rxc8 $18) 28. Rxc1 Rxc1+) (27. Rxf7 $18 Nf2+ 28. Qxf2 Qxb3 29. Rxf8+ (29. Bxf8 Rxc2 30. Rxg7+ Kh8 $16) 29... Rxf8 30. Bxf8 Bxf8 31. Qd2) 1-0

[Event "European Women Blitz-ch 2024"]
[Site "Monaco"]
[Date "2025.01.10"]
[Round "11.18"]
[White "Maisuradze, Nino"]
[Black "Toncheva, Nadya"]
[Result "0-1"]
[Annotator "TA"]
[ECO "D10"]
[WhiteElo "2174"]
[BlackElo "2313"]
[PlyCount "101"]
[EventDate "2025.01.06"]
[EventType "swiss"]
[EventCountry "MNC"]
[SourceTitle "playchess.com"]
[Source "ChessBase"]
[SourceQuality "1"]
[TimeControl "180+2"]

1. d4 d5 2. c4 c6 3. Nc3 Nf6 4. cxd5 cxd5 5. Bf4 Bf5 6. Qb3 Qd7 $2 (6... Bc8 $14) 7. Nf3 $2 (7. e4 $18 {has better winning chances.} dxe4 8. Bxb8) 7... Nc6 $16 8. e3 {[%emt 0:00:15] aiming for Ne5.} e6 9. Bb5 Bd6 $1 10. Ne5 Bxe5 11. Bxe5 O-O 12. Bxf6 gxf6 13. g4 Be4 (13... Bxg4 $2 14. Rg1 $18) 14. Nxe4 dxe4 15. O-O-O Rac8 16. Kb1 Qd6 17. h4 Ne7 18. g5 (18. Bf1 $14) 18... f5 $11 19. h5 a6 20. Be2 Nd5 21. Rdg1 (21. Qxb7 $2 Rb8 22. Qxa6 Qb4 $19) 21... Qb4 22. Qxb4 Nxb4 23. a3 Nd5 24. g6 h6 25. gxf7+ Kxf7 26. Rg6 Rh8 27. Rhg1 Rcg8 {[%emt 0:00:04] Dodges Rg7+} 28. Bc4 Rxg6 29. Rxg6 {[%emt 0:00:08][%mdl 4096] Endgame KRB-KRN} Nf6 $1 30. b4 Rc8 31. Bb3 Rg8 32. Rxg8 $1 (32. Rxh6 Rg1+ 33. Kc2 Rg2 $19) 32... Nxg8 {[%emt 0:00:01] KB-KN} 33. d5 $1 Nf6 34. dxe6+ Ke7 35. Bc4 (35. Bd1 $11 {remains equal.}) 35... Nxh5 (35... b5 $142 $1 36. Be2 f4 (36... Kxe6 37. a4 $15) 37. exf4 Kxe6) 36. Bd5 $2 {[%emt 0:00:03] [#]} (36. Kc2 $17 {was called for.}) 36... b6 $1 $19 37. f3 $2 (37. Bb7 a5 38. bxa5 bxa5 39. Kc2) 37... Nf6 38. Bb7 a5 (38... Kxe6 39. fxe4 Nxe4 40. Bxa6 $17) (38... exf3 39. Bxf3 h5 (39... Kxe6 $2 40. Kc1 $19) 40. Kc2 $19) 39. bxa5 bxa5 (39... Kxe6 $2 {is the wrong capture.} 40. a6 (40. axb6 Nd7 $16) 40... Ne8 41. a7 $18 (41. fxe4 Nc7 $18)) 40. fxe4 $2 (40. Kc1) 40... fxe4 ({Less strong is} 40... Kxe6 41. exf5+ Kxf5 42. Kc2 $15) (40... Nxe4 $2 41. Kc1 $19) 41. Kc2 h5 (41... Kxe6 $2 42. Kd2 $19) 42. Ba6 h4 {[%emt 0:00:05][%cal Oh4h3] and ...h3! should not be overlooked} 43. Bf1 Nd5 44. Bh3 Nxe3+ 45. Kb3 Nd5 46. Kc4 Nf4 47. Bf1 h3 48. Bxh3 Nxh3 49. Kd4 Ng5 50. Ke3 Kxe6 51. Kf4 0-1

[Event "European Women Blitz-ch 2024"]
[Site "Monaco"]
[Date "2025.01.10"]
[Round "12.1"]
[White "Roebers, Eline"]
[Black "Khotenashvili, Bella"]
[Result "1/2-1/2"]
[Annotator "TA"]
[ECO "B15"]
[WhiteElo "2381"]
[BlackElo "2420"]
[PlyCount "88"]
[EventDate "2025.01.06"]
[EventType "swiss"]
[EventCountry "MNC"]
[SourceTitle "playchess.com"]
[Source "ChessBase"]
[SourceQuality "1"]
[TimeControl "180+2"]

1. e4 c6 2. Nf3 d5 3. Nc3 g6 4. d4 Bg7 5. h3 Nh6 6. e5 f6 7. Bf4 Nf7 8. Qd2 b5 9. a4 ({Better is} 9. O-O-O $14) 9... b4 10. Ne2 a5 11. Ng3 (11. h4 $11) 11... Na6 12. O-O-O (12. h4 $1 $11 {was preferable.}) 12... fxe5 $1 $15 13. dxe5 Nc5 14. b3 (14. h4 $15) 14... Ne6 $1 $19 {[%emt 0:00:08] and ...Nxf4 would now be decisive} 15. Be3 Nxe5 (15... Bxe5 16. Nxe5 Nxe5 17. f4 $14) (15... Qc7 $19 16. Kb1 O-O (16... Bxe5 17. Nxe5 Qxe5 18. h4 $11) (16... Nxe5 17. Nd4 $17)) 16. Nd4 Bf6 (16... O-O $17 17. f4 Qc7 (17... Nxd4 18. Bxd4 Nf7 19. Bxg7 $17)) 17. f4 $15 Nf7 (17... Qc7 $1 $17) 18. Nxc6 $14 Qd6 (18... Qc7 $14) 19. Nd4 (19. Qxd5 $18 {[%cal Oc6e7] Hoping for Nxe7!.} Qxd5 20. Rxd5) 19... Nxd4 $11 20. Bxd4 Bb7 (20... O-O $1 $11) 21. Bb5+ $16 Kf8 22. Rhf1 (22. Rhe1 $18) 22... Rc8 23. Qd3 (23. Rde1 $16) 23... Qc7 (23... Rc3 $14 24. Bxc3 bxc3) 24. Rd2 {[%emt 0:00:08] White is more active.} Nd6 (24... Rg8) 25. f5 $1 g5 26. Nh5 (26. Bxf6 $1 $18 exf6 27. Re1 Nxb5 28. axb5) 26... Ne4 (26... Bxd4 $1 $14 27. Qxd4 Qc3) 27. Re2 {[%emt 0:00:03] Some like it hot} (27. Re1 $1 $16) 27... Bxd4 $1 $11 28. Qxd4 Qc3 29. Qxc3 Rxc3 30. f6 {[%emt 0:00:02] [#]} (30. Rf3 $11 {keeps the balance.}) 30... e6 $1 $17 31. f7 Rc7 32. Bd3 {[%emt 0:00:06] [#]} Rxf7 ({Black should play} 32... Nc5 $1 $17 33. Kb2 Rxf7 34. Rxf7+ Kxf7) 33. Rxf7+ $11 Kxf7 34. Bxe4 dxe4 $17 {[%emt 0:00:01][%mdl 4096] Endgame KRB-KRN. Black is a pawn up.} 35. Ng3 $1 Rd8 36. Nxe4 Rd5 37. Nd2 Ke7 38. Re3 Rf5 39. g4 Rc5 40. Nc4 Ba6 41. Ne5 Bb7 42. Nc4 Ba6 43. Ne5 Bb7 44. Nc4 Ba6 1/2-1/2

[Event "European Women Blitz-ch 2024"]
[Site "Monaco"]
[Date "2025.01.10"]
[Round "12.2"]
[White "Tsolakidou, Stavroula"]
[Black "Maltsevskaya, Aleksandra"]
[Result "1/2-1/2"]
[Annotator "TA"]
[ECO "B12"]
[WhiteElo "2451"]
[BlackElo "2368"]
[PlyCount "94"]
[EventDate "2025.01.06"]
[EventType "swiss"]
[EventCountry "MNC"]
[SourceTitle "playchess.com"]
[Source "ChessBase"]
[SourceQuality "1"]
[TimeControl "180+2"]

1. e4 c6 2. d4 d5 3. e5 Bf5 4. Nd2 e6 5. Nb3 c5 6. Bb5+ (6. dxc5 $5) 6... Nc6 7. Bxc6+ (7. dxc5 $5 Bxc5 8. Bxc6+ bxc6 9. Nxc5 Qa5+ 10. c3 Qxc5 11. Ne2 $11) 7... bxc6 8. Nxc5 Bxc5 9. dxc5 Qa5+ 10. c3 Qxc5 11. Ne2 Ne7 12. O-O O-O 13. Be3 Qb5 14. b4 Bd3 15. Nd4 Qc4 16. Re1 $1 Rfc8 (16... Qxc3 $11 17. Rc1 Qa3) 17. Bg5 (17. Nb3 $14) 17... Nf5 $11 (17... Qxc3 $2 18. Bxe7 Qxd4 19. Re3 $18) 18. Nb3 h6 (18... Qxc3 $2 19. Rc1 Qxb4 20. Qxd3 $18) (18... a5 $5) 19. Bd2 d4 (19... Nh4 $14) 20. Rc1 $16 Qd5 21. cxd4 (21. Bxh6 {looks sharper.} Nh4 22. Qg4 Ng6 23. Bg5) 21... Bc4 22. Be3 (22. Na5 $16 Ba6 23. a4) 22... Bxb3 $11 23. axb3 Rcb8 24. Rc5 Qd7 25. Rc4 Rb5 26. Qc2 Rab8 27. Qc3 Ne7 28. Rc1 (28. Bd2 $11) 28... Nd5 $15 29. Qd3 Nxb4 30. Qe4 Qd5 (30... Nd5 $15 {should be considered.}) 31. Qg4 $11 Kh7 32. Rc5 (32. R1c3 $11 Qd8 33. Bd2) 32... Rxc5 $17 (32... Qxb3 $6 33. R5c3 Qb2 34. Bxh6 gxh6 35. Qf4 $11) 33. Rxc5 Qxb3 34. h4 Qb1+ 35. Kh2 Qf5 (35... Qd3 $17 {aiming for ...Nd5.} 36. Qf3 Rb7) 36. Qxf5+ $11 exf5 37. Ra5 Nd5 (37... a6 $15) 38. Rxa7 (38. g3 $11) 38... f4 $1 $15 39. Bc1 $1 Kg6 ({Better is} 39... Rb1 $15 40. Ba3 Ra1) 40. h5+ (40. Ba3 $11) 40... Kxh5 $15 41. Rxf7 g5 42. Rd7 $2 (42. Ba3 $15) 42... Rb4 $2 (42... Rb1 $19 {has better winning chances.} 43. Ba3 Rf1) 43. e6 {[%emt 0:00:01] [#]} Rxd4 (43... Rb1 $1 $17 44. Bd2 Kg6 (44... Nf6 45. f3 $11)) 44. e7 $15 Re4 45. Ba3 Kg6 (45... Nf6 $15 46. Rd1 Re6) 46. Rd6+ $11 Kf5 47. Rxc6 Nxe7 1/2-1/2

[Event "European Women Blitz-ch 2024"]
[Site "Monaco"]
[Date "2025.01.10"]
[Round "12.3"]
[White "Kosteniuk, Alexandra"]
[Black "Batsiashvili, Nino"]
[Result "1-0"]
[Annotator "TA"]
[ECO "B07"]
[WhiteElo "2484"]
[BlackElo "2476"]
[PlyCount "119"]
[EventDate "2025.01.06"]
[EventType "swiss"]
[EventCountry "MNC"]
[SourceTitle "playchess.com"]
[Source "ChessBase"]
[SourceQuality "1"]
[TimeControl "180+2"]

1. e4 d6 2. d4 Nf6 3. Nc3 e5 4. Nge2 Be7 5. h3 O-O 6. g4 exd4 7. Nxd4 Nc6 8. Bg2 Nxd4 9. Qxd4 Nd7 10. O-O Bf6 11. Qe3 c6 12. g5 Bxc3 13. Qxc3 Qe7 14. Qg3 Re8 15. Bf4 Ne5 16. Rad1 Bd7 17. b3 Rad8 18. Be3 c5 19. f4 Nc6 20. c3 f6 21. gxf6 Qxf6 22. f5 Bc8 23. Bg5 Qe5 24. Qxe5 Nxe5 25. Bxd8 Rxd8 26. Rd5 Kf7 27. Rfd1 Ke7 28. Kf2 b6 29. Ke3 Bb7 30. R5d2 a5 31. Bf1 Bc6 32. Bc4 b5 33. Bd5 Be8 34. Rf2 Kf6 35. a3 Bh5 36. Rg1 Rd7 37. b4 axb4 38. axb4 Rc7 (38... cxb4 $16 39. cxb4 Rc7) 39. bxc5 $18 Rxc5 40. Rc2 b4 (40... Be8 41. Rd1 Bf7 42. Bxf7 Nxf7) 41. Rgc1 $18 bxc3 42. Rxc3 Ra5 43. Rb1 Ra6 44. Rb7 h6 45. Bb3 g6 46. fxg6 Bxg6 47. Bd5 Bh5 (47... Bf7 $142 48. Bxf7 Nxf7) 48. Rc1 Bg6 49. Rf1+ Kg5 50. Bb3 Ra3 (50... h5 51. Rf4 h4) 51. Kd4 $18 Ra5 $2 (51... Ra6 52. Rg7 h5) 52. Rb6 $18 Ra3 53. Bc2 $2 (53. Rxd6 Rxb3 54. Rg1+ (54. Kxe5 Rb5+ 55. Kd4 Be8 $18) 54... Kh5 55. Kxe5 Bxe4 56. Kxe4) 53... Nf3+ $18 54. Kd5 Bh5 $2 (54... Kf4 55. h4 (55. Rxd6 Bf7+ 56. Kc5 Rc3+ 57. Kb4 Rc4+ 58. Ka5 Rxc2 $18) (55. Kxd6 Bxe4 56. Bxe4 Kxe4 $16) 55... Ke3) 55. Kxd6 $18 ({Not} 55. Rxd6 Rc3 $16) 55... Rc3 $2 (55... Bg6 {was necessary.} 56. Bb1 Nd2) 56. Bb1 Re3 57. Rb5+ Kf4 58. Rxh5 Rb3 59. Rf5+ Kg3 60. R5xf3+ 1-0

[Event "European Women Blitz-ch 2024"]
[Site "Monaco"]
[Date "2025.01.10"]
[Round "12.4"]
[White "Rudzinska, Michalina"]
[Black "Arabidze, Meri"]
[Result "1-0"]
[Annotator "TA"]
[ECO "B42"]
[WhiteElo "2226"]
[BlackElo "2457"]
[PlyCount "79"]
[EventDate "2025.01.06"]
[EventType "swiss"]
[EventCountry "MNC"]
[SourceTitle "playchess.com"]
[Source "ChessBase"]
[SourceQuality "1"]
[TimeControl "180+2"]

1. e4 c5 2. Nf3 e6 3. d4 cxd4 4. Nxd4 a6 5. Bd3 d5 6. exd5 Qxd5 {[%emt 0:00:00] [#]} 7. O-O $1 {[%emt 0:00:04] Active counter play!} Nd7 (7... Qxd4 $2 8. Bb5+ axb5 9. Qxd4 $18) 8. Be3 Bc5 9. Nc3 Qe5 10. Nf3 Qc7 11. Qe2 Ngf6 12. a4 b6 13. Ne4 Bxe3 14. Qxe3 Bb7 15. h3 O-O 16. Rfe1 h6 17. Rad1 Nxe4 18. Bxe4 Bxe4 19. Qxe4 Nf6 20. Qe2 Rfc8 21. c3 Nd5 22. Rd4 Qb7 23. Ne5 b5 24. Qf3 Rab8 25. axb5 axb5 26. Red1 Qc7 27. Ng4 Qe7 28. Qg3 Qg5 (28... Kh7 $11) 29. Re1 ({Better is} 29. h4 $16 Qg6 30. h5) 29... Ra8 (29... h5 $11 {remains equal.} 30. Qe5 Qxe5 31. Nxe5 Ra8) 30. h4 $16 Qg6 {[%emt 0:00:01] [#]} (30... Qd8 $16 {was called for.}) 31. h5 $1 $18 Qg5 {[%emt 0:00:10][%cal Oa8a4] [#]} (31... Qxh5 $2 32. Rxd5 Qg6 (32... exd5 $2 33. Nf6+ Kh8 34. Nxh5 $18) 33. Rxb5 $18) 32. f4 $1 Qd8 $2 ({Don't play} 32... Qxh5 33. Rxd5 Qg6 (33... exd5 $2 {loses.} 34. Nf6+ Kh8 35. Nxh5 $18) 34. Rd3 $18 (34. Rxb5 f5 $18)) (32... Nxf4 33. Qxf4 (33. Rxf4 f5 $14) 33... Qxh5) 33. Nxh6+ Kf8 34. Ng4 Qb6 $2 (34... Rc4 35. h6 g6) 35. Kh2 {[%emt 0:00:03] and h6 would now be decisive} b4 (35... Ra4 $142 36. Ne5 Qd8 37. Rxa4 bxa4) 36. h6 gxh6 37. Nxh6 {[%emt 0:00:05][%cal Od4d5] Intending Rxd5! and mate.} Nf6 38. Qg5 e5 39. fxe5 bxc3 {[%emt 0:00:02] [#]} 40. exf6 $1 1-0

[Event "European Women Blitz-ch 2024"]
[Site "Monaco"]
[Date "2025.01.10"]
[Round "12.5"]
[White "Wagner, Dinara"]
[Black "Ushenina, Anna"]
[Result "0-1"]
[Annotator "TA"]
[ECO "D40"]
[WhiteElo "2437"]
[BlackElo "2418"]
[PlyCount "91"]
[EventDate "2025.01.06"]
[EventType "swiss"]
[EventCountry "MNC"]
[SourceTitle "playchess.com"]
[Source "ChessBase"]
[SourceQuality "1"]
[TimeControl "180+2"]

1. d4 d5 2. c4 dxc4 3. Nf3 Nf6 4. e3 e6 5. Bxc4 c5 6. O-O Nc6 7. a3 a6 8. Nc3 b5 9. Ba2 Bb7 10. d5 exd5 11. Nxd5 Nxd5 12. Bxd5 Bd6 {[%emt 0:00:03] Dodges Ne5. The position is equal.} 13. e4 {[%emt 0:00:05] [#] Black must now prevent Ng5.} O-O 14. e5 Be7 15. Bf4 Qb6 {[%emt 0:00:11] aiming for ...Rad8.} 16. Qe2 (16. Qc2 {is interesting.} Nb4 17. axb4 Bxd5 18. Be3) 16... Rad8 17. Rad1 Na5 18. Bxb7 Nxb7 19. h3 h6 20. Qe4 c4 21. Qf5 (21. Nd4 $11) 21... Nc5 $17 22. Be3 Qe6 ({Better is} 22... Qg6 $15 23. Nh4 Qc6 (23... Bxh4 24. Qxg6 fxg6 25. Bxc5 $15) 24. Bxc5 Bxc5) 23. Qxe6 (23. Nd4 $11 Qc8 24. Qxc8 Rxc8 25. Nf5) 23... Nxe6 24. Nd4 Nxd4 25. Rxd4 Rxd4 26. Bxd4 {[%emt 0:00:01][%mdl 4096] Endgame. KRB-KRB} Rd8 27. Bc3 Bc5 28. Re1 Kf8 {[%emt 0:00:03] Black is more active.} 29. e6 f6 30. Kf1 Ke7 31. f4 g6 32. g4 Rd6 $2 {[%emt 0:00:01][%mdl 8192] [#]} (32... Rd5 $17 33. Kg2 Bd6) 33. Kg2 $4 (33. f5 Rd5 34. fxg6 Rg5 $11) (33. Bxf6+ $1 $18 {is the narrow road to win.} Ke8 (33... Kxf6 $2 34. e7 $18) 34. f5 gxf5 35. gxf5) 33... Rxe6 $19 34. Rxe6+ (34. Rd1) 34... Kxe6 {[%emt 0:00:00] KB-KB} 35. Kf3 f5 36. Bg7 h5 {[%emt 0:00:02] Hoping for ...Kd5.} 37. gxh5 gxh5 38. Bc3 Kd5 39. Bd2 Bd4 40. Bc1 c3 41. bxc3 Bxc3 {[%emt 0:00:00] ( -> ...a5)} 42. Ke3 Kc4 43. Ke2 Kb3 44. Kd3 Bf6 (44... a5 $142 45. Be3 Bb2 46. Bf2 a4 (46... Kxa3 $2 47. Bb6 $19) (46... Bxa3 $2 47. Kd4 $19) 47. Bh4 Bxa3 (47... Kxa3 $2 48. Kc2 $19) 48. Kd4 Bb2+ 49. Kd5 a3 50. Be7 a2 51. Ke6 a1=Q (51... a1=B $2 52. Kxf5 Ba3 53. Bh4 $19) 52. Kxf5 Qa6 53. Bh4 Qc6 54. Bg5 Qd7+ 55. Kg6 Qe8+ (55... Qxh3 {gets mated.} 56. f5 Ka2 57. Bd2 Qg2+ 58. Kf7 Qxd2 59. Ke6 Qd4 60. f6 Qxf6+ 61. Kd5 Bd4 62. Ke4 Bb6 63. Kd3 Kb2 64. Ke4 Qg5 65. Kf3 Qg4#) 56. Kh6 Qf7 57. Bd8 b4 (57... Qxf4+ $2 58. Bg5 $19) 58. Kg5 Kc4 59. Kh4 b3 (59... Qxf4+ {is a self mate.} 60. Kxh5 Bf6 61. Bxf6 Qxf6 62. h4 b3 63. Kg4 b2 64. Kh3 Qf3+ 65. Kh2 b1=Q 66. h5 Qbh1#) 60. Kg5 Bd4 61. Ba5 b2 62. Bc7 b1=Q (62... b1=B 63. f5 Qxf5+ 64. Kh4 Qf6+ 65. Kxh5 Qg6+ 66. Kh4 Bf6#) (62... Bf6+ {leads to mate.} 63. Kh6 b1=Q 64. f5 Qg7+ 65. Kxh5 Qxf5#) 63. f5 Qg1+ (63... Qxc7 64. Kg6 Qg1+ 65. Kh6 Qf4+ 66. Kxh5 Qgg5#) (63... Be3+ $2 64. Bf4 Qbxf5+ 65. Kh6 Bxf4#) 64. Bg3 Qxg3+ 65. Kh6 Qgg7#) 45. Kd2 Bb2 46. Bxb2 {[%emt 0:00:05] Weighted Error Value: White=1.10/Black=0.38.  Loses game:     	---       	Black=1      Missed win:     	White=1     	---        Mistake:       	White=3     	Black=1      Inaccurate:     	White=2     	Black=1      OK:         	White=5     	Black=10     Best:        	White=2     	Black=1} 0-1

[Event "European Women Blitz-ch 2024"]
[Site "Monaco"]
[Date "2025.01.10"]
[Round "12.6"]
[White "Atalik, Ekaterina"]
[Black "Paehtz, Elisabeth"]
[Result "1-0"]
[Annotator "TA"]
[ECO "D00"]
[WhiteElo "2395"]
[BlackElo "2428"]
[PlyCount "93"]
[EventDate "2025.01.06"]
[EventType "swiss"]
[EventCountry "MNC"]
[SourceTitle "playchess.com"]
[Source "ChessBase"]
[SourceQuality "1"]
[TimeControl "180+2"]

1. d4 Nf6 2. Nc3 d5 3. Bf4 g6 4. e3 c6 5. Nf3 Bg7 6. Ne5 Nfd7 7. Nd3 Na6 8. Be2 Nc7 9. O-O O-O 10. Na4 Ne6 11. Bg3 b5 12. Nc3 a5 13. Bg4 f5 14. Bf3 Ng5 {[%emt 0:00:19] [#]} (14... Bb7 $11) 15. Nxb5 (15. Nxd5 $1 $16 {[%mdl 512] and Bc7 would now be decisive} e5 (15... Ra6 16. N5f4) 16. dxe5) 15... Nxf3+ 16. Qxf3 f4 17. exf4 (17. Bxf4 g5 18. Nc7 Ne5 $17 (18... Rxf4 19. Nxf4 Qxc7 20. Nxd5 $14)) (17. Nxf4 Nb6 18. Nc3 g5 $17) 17... Nb6 18. Nc3 Bxd4 19. Qe2 (19. Bh4 $16) 19... Nc4 (19... a4 $11 {remains equal.}) 20. Na4 $16 Bf6 21. Rad1 Bf5 22. b3 Nd6 (22... Nb6 $16) 23. Ne5 Qc7 24. Nc5 (24. Rfe1 $18) 24... Qa7 $1 $14 25. Na4 (25. Nxc6 $2 Qxc5 26. Nxe7+ Bxe7 27. Qxe7 Rae8 $19 (27... Bxc2 28. f5 $17)) (25. Ned3 $14) 25... Rfc8 $2 (25... Qc7 $1 $11) 26. Kh1 $16 Qa6 27. Qxa6 ({White should play} 27. Rfe1) 27... Rxa6 $16 28. Nc5 Ra7 29. c3 (29. f3 $16) 29... h5 {[%emt 0:00:03] [#]} (29... Ne4 $14 30. Na4 Be6) 30. f3 $1 $16 Nf7 31. Rfe1 h4 32. Bf2 Raa8 (32... g5 $142 33. Ne4 dxe4) 33. Bd4 $18 Nd6 $2 (33... a4 {is a better defense.} 34. Nxa4 (34. bxa4 Bxe5 35. fxe5 Bc2 $16) 34... Rc7 35. Nxf7 Kxf7) 34. g4 $18 hxg3 35. hxg3 Kg7 36. g4 Rh8+ 37. Kg2 Bc8 38. g5 Bh3+ 39. Kf2 Bf5 40. gxf6+ exf6 41. Ng4 Bxg4 42. fxg4 Rh2+ 43. Ke3 Rah8 44. Kd3 (44. Ne6+ Kf7 45. Ng5+ fxg5 46. Bxh8 Rxh8 $14) 44... Kf7 45. a4 Rg2 46. g5 fxg5 (46... Rhh2 $142 47. Re6 (47. Bxf6 Nf5 $18) 47... Rh3+ 48. Re3 Rgg3) 47. Bxh8 1-0